 Dungeon Crawl Stone Soup version 0.31-a0-145-g046c7d2549 (webtiles) character file.

Game seed: 17378338649617978354

110 BlueFish the Charlatan (level 4, -2/37 HPs)
             Began as a Draconian Artificer on June 6, 2023.
             Slain by Ijyb
             ... wielding a +0 club
              (6 damage)
             ... on level 3 of the Dungeon.
             The game lasted 00:03:42 (2319 turns).

BlueFish the Charlatan (Draconian Artificer)        Turns: 2319, Time: 00:03:42

Health: -2/37      AC:  5    Str: 15    XL:     4   Next: 61%
Magic:  4/4        EV: 12    Int: 13    God:
Gold:   112        SH:  0    Dex: 11    Spells: 3/3 levels left

rFire   . . .        n - +1 dagger (vamp)
rCold   + . .        (no shield)
rNeg    . . .        (body armour unavailable)
rPois   .            (helmet restricted)
rElec   .            (no cloak)
rCorr   .            (no gloves)
SInv    .            (no boots)
Will    .....        (no amulet)
Stlth   ++           o - ring of protection from cold
HPRegen 0.26/turn    (no ring)
MPRegen 0.09/turn

%: no passive effects
@: mighty
A: AC +5, unfitting armour, cold-blooded
a: no special abilities


You were on level 3 of the Dungeon.
You visited 1 branch of the dungeon, and saw 3 of its levels.

You collected 112 gold pieces.

Inventory:

Hand Weapons
 a - a +0 club
 f - a +0 hand axe
 g - a +0 short sword
 n - a +1 vampiric dagger (weapon)
Jewellery
 o - a ring of protection from cold (left hand)
Wands
 b - a wand of flame (15) (quivered)
 c - a wand of charming (15)
 d - a wand of iceblast (5)
Scrolls
 e - a scroll of torment {unknown}
 h - 2 scrolls of noise {unknown}
 i - 2 scrolls of identify {unknown}
 k - 2 scrolls of magic mapping {unknown}
 q - a scroll of teleportation {unknown}
Potions
 l - a potion of heal wounds {unknown}
 m - a potion of haste {unknown}
 p - a potion of ambrosia {unknown}


   Skills:
 + Level 2.3 Fighting
 + Level 1.2 Short Blades
 + Level 2.8 Dodging
 + Level 2.1 Stealth
 + Level 3.6 Evocations


You had 3 spell levels left.
You didn't know any spells.
Your spell library contained the following spells:

 Spells                   Type           Power      Damage    Failure   Level
 Summon Small Mammal      Summ           0%         N/A       30%         1
 Call Canine Familiar     Summ           0%         N/A       67%         3
 Summon Guardian Golem    Hex/Summ       0%         N/A       67%         3


Dungeon Overview and Level Annotations

Branches:
Dungeon (3/15)

Altars:
Ru

Annotations:
D:3 Ijyb


Innate Abilities, Weirdness & Mutations

Your plain brown scales are hard. (AC +5)
You cannot fit into any form of body armour.
You are cold-blooded and may be slowed by cold attacks.


Message History

The grasping roots grab you!
Ijyb is unaffected.
The grasping roots constrict you.
You barely miss Ijyb.
Your tail-slap misses Ijyb.
Ijyb is lightly wounded.
Ijyb hits you with a +0 club. The grasping roots constrict you.
You hit Ijyb but do no damage.
Your tail-slap misses Ijyb.
Ijyb is lightly wounded.
Ijyb hits you with a +0 club. The grasping roots constrict you.
The grasping roots release their grip on you.
You closely miss Ijyb. You tail-slap Ijyb, but do no damage.
Ijyb is lightly wounded.
Ijyb misses you.
You barely miss Ijyb. You tail-slap Ijyb, but do no damage.
Ijyb is lightly wounded.
Ijyb zaps a wand.
The roots erupt in riotous growth!
The grasping roots grab you!
Ijyb is unaffected.
The grasping roots constrict you!
You hit Ijyb but do no damage.
Your tail-slap misses Ijyb.
Ijyb is lightly wounded.
Ijyb hits you but does no damage. The grasping roots constrict you.
You barely miss Ijyb.
Your tail-slap misses Ijyb.
Ijyb is lightly wounded.
Ijyb hits you but does no damage. The grasping roots constrict you.
* * * LOW HITPOINT WARNING * * *
You hit Ijyb.
Ijyb is moderately wounded.
You closely miss Ijyb.
Ijyb is moderately wounded.
Ijyb hits you with a +0 club.
* * * LOW HITPOINT WARNING * * *
The grasping roots constrict you.
* * * LOW HITPOINT WARNING * * *
The grasping roots release their grip on you.
It was a potion of might.
You feel very mighty all of a sudden. Ijyb barely misses you.
You closely miss Ijyb.
Ijyb is moderately wounded.
Ijyb hits you with a +0 club.
You die...

..........#.#..
#.........#........#..
#...#.....#......###..
#................##...
#?........##.....###..
#.........##..........
#.....................
#....g................
#..#.@.#..####........
#..#...........#......
#$.............#.#....
#.....................
+.....................
#..............#.#....
+..............#.#....
#....##........#.#....
#.#####...............


You could see Ijyb.

Vanquished Creatures
  4 adders (D:2)
  2 dart slugs (D:2)
  A worm (D:2)
  5 ball pythons
  4 endoplasms
  2 giant cockroaches (D:1)
  5 goblins
  8 hobgoblins
  8 jackals (D:2)
  4 quokkas
  5 bats (D:1)
  2 frilled lizards
  6 kobolds
  5 rats
61 creatures vanquished.

Notes
Turn   | Place    | Note
-------+----------+-------------------------------------------
     0 | D:1      | BlueFish the Draconian Artificer began the quest for the
                  | Orb.
     0 | D:1      | Reached XP level 1. HP: 16/16 MP: 1/1
    69 | D:1      | Reached skill level 1 in Stealth
   318 | D:1      | Reached XP level 2. HP: 20/23 MP: 2/2
  1002 | D:2      | Reached XP level 3. HP: 21/29 MP: 3/3
  1497 | D:2      | Reached skill level 1 in Short Blades
  1497 | D:2      | Reached XP level 4. HP: 29/36 MP: 4/4
  1641 | D:2      | Found a faded altar of an unknown god.
  1902 | D:2      | Found a sacrificial altar of Ru.
  2292 | D:3      | Noticed Ijyb
  2319 | D:3      | Slain by Ijyb

Illustrated notes

Levels and vault maps discovered:
D:1:      dpeg_arrival_fog, layout_loops_corners
D:2:      minmay_razor_zed, layout_loops_ring, ebering_ecumenical_altar_box,
          basic_altar
D:3:      layout_basic, kennysheep_nub, uniq_ijyb, uniq_robin

Skill      XL: |  1  2  3  4 |
---------------+-------------+-----
Stealth        | 1 2 |  2.1
Fighting       | 2 |  2.3
Short Blades   | 1 |  1.2
Dodging        | |  2.8
Evocations     | |  3.6

Action                     |  1- 3 |  4- 6 || total
---------------------------+-------+-------++-------
  Melee: Club              |    21 |       ||    21
         Tailslap          |    19 |    16 ||    35
         Punch             |     1 |       ||     1
         Short sword       |   169 |    31 ||   200
         Hand axe          |    20 |       ||    20
         Dagger            |       |    56 ||    56
    Use: Potion            |       |     1 ||     1
   Stab: Sleeping          |     2 |     1 ||     3
 Armour: Skin              |    57 |    25 ||    82
  Dodge: Dodged            |   154 |    43 ||   197

Table legend: (Time is in decaauts)
 A = Elapsed time spent in this place.
 B = Non-inter-level travel time spent in this place.
 C = Inter-level travel time spent in this place.
 D = Time resting spent in this place.
 E = Time spent auto-exploring this place.
 F = Levels seen in this place.
 G = Mean time per level.
                   A        B        C        D        E       F      G
               +--------+--------+--------+--------+--------+-----+--------+
         Total |   2320 |   2265 |     55 |      1 |   1729 |   3 |  773.3 |
       Dungeon |   2320 |   2265 |     55 |      1 |   1729 |   3 |  773.3 |
               +--------+--------+--------+--------+--------+-----+--------+

Top non-repeatable levels by time:
     D:2: 1304 daAuts
     D:1: 926 daAuts
     D:3: 89 daAuts
